 Dungeon Sprint DCSS version 0.30-a0-540-g0af01429fa (webtiles) character file.

Game seed: 17820208059110042318

426 rocky1 the Carver (level 6, -5/52 HPs)
             Began as a Merfolk Gladiator on Dec 26, 2022.
             Was an Initiate of Gozag.
             Killed from afar by a smoke demon (21 damage)
             ... with a ball of steam
             ... summoned by a kobold demonologist
             ... in the Dungeon (Sprint III: "The Ten Rune Challenge").
             The game lasted 00:02:33 (929 turns).

rocky1 the Carver (Merfolk Gladiator)                Turns: 929, Time: 00:02:34

Health: -5/52      AC:  5    Str: 14      XL:     6   Next: 97%
Magic:  6/6        EV: 17    Int:  7      God:    Gozag
Gold:   175        SH:  0    Dex: 17 (18) Spells: 5/5 levels left

rFire   . . .      SeeInvis .    a - +0 long sword
rCold   . . .      Faith    .    (no shield)
rNeg    . . .      Spirit   .    b - +0 leather armour
rPois   .          Reflect  .    c - +0 helmet
rElec   .          Harm     .    l - +0 cloak
rCorr   .          Rampage  .    (no gloves)
Will    .....      NoTele   +    (no boots)
Stlth   ++                       (no amulet)
HPRegen 0.28/turn                (no ring)
MPRegen 0.10/turn                (no ring)

@: no status effects
A: (nimble swimmer 2), mertail
a: Renounce Religion, Potion Petition, Call Merchant, Bribe Branch


You were in the Dungeon.
You worshipped Gozag.
Gozag was aware of your devotion.
You visited 1 branch You collected 175 gold pieces.

Inventory:

Hand Weapons
 a - a +0 long sword (weapon)
Missiles
 d - 2 throwing nets (quivered)
 e - a javelin
Armour
 b - a +0 leather armour (worn)
 c - a +0 helmet (worn)
 l - a +0 cloak (worn)
Wands
 q - a wand of paralysis (11)
Scrolls
 k - a scroll of blinking
 m - 3 scrolls of torment {unknown}
 n - 2 scrolls of identify {unknown}
Potions
 f - a potion of curing
 g - a potion of heal wounds
 i - 2 potions of magic
 j - a potion of berserk rage
 o - 2 potions of flight {unknown}
 p - 7 potions of mutation
Miscellaneous
 h - a lightning rod (4/4)


   Skills:
 + Level 6.2 Fighting
 + Level 11.0 Long Blades
 - Level 4.0 Throwing
 + Level 2.9 Armour
 + Level 10.5 Dodging
 + Level 3.3 Stealth
 * Level 2.2 Evocations


You had 5 spell levels left.
You didn't know any spells.
Your spell library was empty.

Dungeon Overview and Level Annotations

Branches:
Dungeon (1/1)

Altars:
Cheibriados
Dithmenos
Fedhas
Gozag
Hepliaklqana
Kikubaaqudgha
Makhleb
Nemelex Xobeh
Qazlal
Ru
Sif Muna
Vehumet
Xom
Yredelemnul
Jiyva
Lugonu


Innate Abilities, Weirdness & Mutations

((You are very nimble when in or above water. (Stealth+, EV+, Speed+++)))
Your lower body shifts to a powerful aquatic tail in water.


Message History

The quasit barely misses you. The quasit misses you.
The quasit closely misses you.
You hit the kobold demonologist.
The kobold demonologist is lightly wounded.
The quasit misses you.
The quasit claws you but does no damage.
The quasit closely misses you. The kobold demonologist misses you.
You hit the kobold demonologist.
The kobold demonologist is moderately wounded.
The quasit completely misses you.
The quasit claws you but does no damage.
The quasit closely misses you.
The kobold demonologist completely misses you.
You closely miss the kobold demonologist.
The kobold demonologist is moderately wounded.
The quasit bites you. The quasit closely misses you. The quasit misses you.
The smoke demon gestures at you. The sticky flame hits you!
You are covered in liquid flames!
The kobold demonologist misses you.
You hit the kobold demonologist but do no damage.
The kobold demonologist is moderately wounded.
You are covered in liquid flames!
The quasit barely misses you. x2; The quasit misses you.
The smoke demon hits you.
The smoke demon hits you but does no damage.
The smoke demon misses you.
The quasit bites you but does no damage.
The quasit claws you but does no damage.
The quasit closely misses you.
The kobold demonologist closely misses you.
You hit the kobold demonologist.
The kobold demonologist is heavily wounded.
You are covered in liquid flames!
* * * LOW HITPOINT WARNING * * *
You are no longer on fire.
The smoke demon gestures at you. The ball of steam hits you!!
You die...
Your body crumbles into a pile of gold.

#..#.....♣ ♣♣.# #__#$$ $$$
####.....♣ ..# #._#$
...#....~♣♣♣♣♣.###+#+###)##
$
...#...~~♣..♣..#..........#
$
..)#..~~)~♣.♣♣.'.⌠........#
$ $
##'#..~≈≈~~~♣..#...######'#$
$ $
...#.~~≈~~~....#.⌠.#v_#...#
...#.~≈~~~.....#$5.#__#...#
...#.~~~.......#@###v_#...#
####...†.......#K3:#__#...+
...............#___#__+...#
▓▓▓▓▓▓▓▓▓▓▓▓▓▓▓▓▓▓▓▓▓▓▓▓▓▓▓
$


You could see a kobold demonologist, a smoke demon (summoned) and a quasit
(summoned).

Vanquished Creatures
  A shadow (D)
  A water elemental (D)
  A necrophage (D)
  A jelly (D)
  Crazy Yiuf (D)
  Jessica (D)
  A necromancer (D)
  A wizard (D)
  A human (D)
  An endoplasm (D)
  A rat (D)
11 creatures vanquished.

Notes
Turn   | Place    | Note
-------+----------+-------------------------------------------
     0 | D        | rocky1 the Merfolk Gladiator began the quest for the Orb.
     0 | D        | Reached XP level 1. HP: 16/16 MP: 1/1
     5 | D        | Reached skill level 4 in Long Blades
    13 | D        | Noticed Jessica
    17 | D        | Killed Jessica
    18 | D        | Reached skill level 5 in Long Blades
    18 | D        | Reached XP level 2. HP: 24/24 MP: 2/2
    18 | D        | Reached XP level 3. HP: 29/29 MP: 3/3
    45 | D        | Reached skill level 6 in Long Blades
    93 | D        | Noticed Crazy Yiuf
   115 | D        | Killed Crazy Yiuf
   116 | D        | Reached skill level 7 in Long Blades
   116 | D        | Reached XP level 4. HP: 15/37 MP: 4/4
   216 | D        | Noticed a water elemental
   228 | D        | Killed a water elemental
   229 | D        | Reached skill level 8 in Long Blades
   229 | D        | Reached skill level 1 in Armour
   229 | D        | Reached skill level 1 in Stealth
   229 | D        | Reached XP level 5. HP: 8/43 MP: 5/5
   500 | D        | Noticed a shadow
   512 | D        | Killed a shadow
   513 | D        | Reached skill level 5 in Fighting
   513 | D        | Reached skill level 10 in Long Blades
   513 | D        | Reached skill level 10 in Dodging
   513 | D        | Reached XP level 6. HP: 17/52 MP: 6/6
   653 | D        | Found a blossoming altar of Fedhas.
   653 | D        | Found a stormy altar of Qazlal.
   653 | D        | Found a snail-covered altar of Cheibriados.
   653 | D        | Found a burning altar of Makhleb.
   653 | D        | Found a shimmering altar of Xom.
   653 | D        | Noticed a spatial vortex
   654 | D        | Found a hazy altar of Hepliaklqana.
   654 | D        | Found an opulent altar of Gozag.
   654 | D        | Found a sparkling altar of Nemelex Xobeh.
   654 | D        | Found a corrupted altar of Lugonu.
   654 | D        | Found a viscous altar of Jiyva.
   658 | D        | Became a worshipper of Gozag Ym Sagoz the Greedy
   798 | D        | Found a basalt altar of Yredelemnul.
   798 | D        | Found a shadowy altar of Dithmenos.
   798 | D        | Found a sacrificial altar of Ru.
   806 | D        | Reached skill level 1 in Evocations
   908 | D        | Found a radiant altar of Vehumet.
   908 | D        | Found a shimmering blue altar of Sif Muna.
   908 | D        | Found an ancient bone altar of Kikubaaqudgha.
   913 | D        | Reached skill level 11 in Long Blades
   925 | D        | Noticed a smoke demon
   929 | D        | Killed from afar by a smoke demon

Illustrated notes

Levels and vault maps discovered:
D:        dungeon_sprint_mu [sprint_mu_entry_forest, sprint_mu_temple_rooms,
          sprint_mu_d1_spiders, sprint_mu_d2_genie, sprint_mu_d3_branching,
          sprint_mu_orc_legion, sprint_mu_elf_gauntlet, sprint_mu_hive_nellie,
          sprint_mu_lair_fedhas, sprint_mu_vaults_butterflies,
          sprint_mu_slime_circle, sprint_mu_swamp_cave, sprint_mu_shoals_archi,
          sprint_mu_blade_basic, sprint_mu_crypt_chambers,
          sprint_mu_tomb_spiral, sprint_mu_vestibule_basic,
          sprint_mu_gehenna_hellfire, sprint_mu_dis_giant,
          sprint_mu_tartarus_statrot, sprint_mu_cocytus_islands, sprint_mu_zot1]

Skill      XL: |  1  2  3  4  5  6 |
---------------+-------------------+-----
Long Blades    | 5 7 8 10 11 | 11.0
Fighting       | 3 4 5 6 |  6.2
Dodging        | 6 7 8 10 | 10.5
Throwing       | 3 4 |  4.0
Armour         | 1 2 |  2.9
Stealth        | 1 2 3 |  3.3
Evocations     | 2 |  2.2

Action                   |  1- 3 |  4- 6 || total
-------------------------+-------+-------++-------
Melee: Long sword        |    22 |    50 ||    72
       Punch             |     2 |     1 ||     3
       Tailslap          |     2 |       ||     2
Throw: Throwing net      |     1 |       ||     1
  Use: Potion            |       |     1 ||     1
 Stab: Sleeping          |     1 |     2 ||     3
Armor: Leather armour    |       |    14 ||    14
Dodge: Dodged            |    11 |    60 ||    71

Table legend: (Time is in decaauts)
 A = Elapsed time spent in this place.
 B = Non-inter-level travel time spent in this place.
 C = Inter-level travel time spent in this place.
 D = Time resting spent in this place.
 E = Time spent auto-exploring this place.
 F = Levels seen in this place.
 G = Mean time per level.
                   A        B        C        D        E       F      G
               +--------+--------+--------+--------+--------+-----+--------+
         Total |    900 |    900 |      0 |    672 |     14 |   1 |  900.0 |
       Dungeon |    900 |    900 |      0 |    672 |     14 |   1 |  900.0 |
               +--------+--------+--------+--------+--------+-----+--------+

Top non-repeatable levels by time:
       D: 900 daAuts
